 Dungeon Crawl Stone Soup version 0.31-a0-354-g827e0957a7 (webtiles) character file.

Game seed: 6439591920915632838

40 AdnanSaban the Covered (level 3, 0/23 HPs)
             Began as a Gargoyle Fighter on July 24, 2023.
             Frozen to death by an endoplasm (5 damage)
             ... on level 1 of the Dungeon.
             The game lasted 00:01:02 (1070 turns).

AdnanSaban the Covered (Gargoyle Fighter)           Turns: 1070, Time: 00:01:02

Health: 0/23       AC: 10    Str: 21    XL:     3   Next: 50%
Magic:  3/3        EV:  9    Int:  8    God:
Gold:   60         SH:  4    Dex:  9    Spells: 2/2 levels left

rFire   . . .        a - +0 flail
rCold   . . .        c - +0 buckler
rNeg    + . .        b - +0 scale mail
rPois   ∞            (no helmet)
rElec   +            (no cloak)
rCorr   .            (no gloves)
SInv    .            (no boots)
Will    .....        (no amulet) Stlth
                     (no ring)
HPRegen 0.23/turn    (no ring)
MPRegen 0.08/turn

%: no passive effects
@: no status effects
A: sickness immunity, AC +3, negative energy resistance 1, electricity
resistance, torment resistance 1, petrification resistance
a: no special abilities


You were on level 1 of the Dungeon.
You visited 1 branch of the dungeon, and saw 2 of its levels.

You collected 60 gold pieces.

Inventory:

Hand Weapons
 a - a +0 flail (weapon)
Armour
 b - a +0 scale mail (worn)
 c - a +0 buckler (worn)
Jewellery
 e - a +4 ring of protection
Scrolls
 f - a scroll of immolation {unknown}
 h - 2 scrolls of amnesia {unknown}
 i - a scroll of brand weapon {unknown}
 k - a scroll of fear {unknown}
Potions
 d - a potion of might
 g - a potion of heal wounds {unknown}
 j - a potion of ambrosia {unknown}


   Skills:
 + Level 3.6 Fighting
 + Level 2.6 Maces & Flails
 + Level 3.7 Armour
 + Level 0.6 Dodging
 + Level 3.6 Shields


You had 2 spell levels left.
You didn't know any spells.
Your spell library contained the following spells:

 Spells                   Type           Power      Damage    Failure   Level
 Call Canine Familiar     Summ           0%         N/A       99%         3
 Portal Projectile        Hex/Tloc       0%         N/A       99%         3
 Leda's Liquefaction      Hex/Erth       0%         N/A       100%        4


Dungeon Overview and Level Annotations

Branches:
Dungeon (2/15)

Altars:


Innate Abilities, Weirdness & Mutations

You are immune to sickness and miasma.
Your stone body is resilient. (AC +3)
You are immune to poison.
You resist negative energy. (rN+)
You are resistant to electric shocks. (rElec)
You are resistant to unholy torment.
You are immune to petrification.


Message History

There is an open door here.
Found a ring mail.
You now have 60 gold pieces (gained 9).
Key pressed, stopping explore.
Done exploring.
Done exploring.
Done exploring.
There is a stone staircase leading down here.
You climb downwards.
Found a stone staircase leading down.
There is a stone staircase leading up here.
The endoplasm barely misses you.
You hit the worm but do no damage. The endoplasm freezes you.
You are frozen.
You hit the worm.
The worm is moderately wounded.
The endoplasm hits you but does no damage.
The worm bites you.
You barely miss the worm.
The worm is moderately wounded.
The endoplasm freezes you.
You are frozen.
The worm bites you but does no damage.
You are too injured to fight recklessly!
You are too injured to fight recklessly!
There is a stone staircase leading up here.
You block the endoplasm's attack. The worm bites you.
* * * LOW HITPOINT WARNING * * *
You climb upwards.
There is a stone staircase leading down here.
You barely miss the endoplasm.
The endoplasm hits you but does no damage.
The worm closely misses you. The endoplasm freezes you.
You are frozen.
* * * LOW HITPOINT WARNING * * *
You hit the endoplasm but do no damage. The endoplasm freezes you.
You are frozen.
You die...

~#...#..##.......###.# #.#
.#.⌠.#...............# #.#
.#...#............##.# #.#
..###..........#..##.####.####
.............................#
.........####........))#######
####..##.####.....##.#.#
..........).#....J...#.#
.........#####.#@.##.#.#
##############.#.w...#.######
#...##.#............#
#########...##.#.###.########
............+........#
##.######...##......)#
##..#####...####.###.#
..............##.# #.#
#############.#..# #.#


You could see a worm and an endoplasm.

Vanquished Creatures
  A ball python (D:1)
  3 endoplasms (D:1)
  3 giant cockroaches (D:1)
  4 goblins (D:1)
  2 hobgoblins (D:1)
  3 jackals (D:1)
  2 quokkas (D:1)
  7 bats (D:1)
  2 frilled lizards (D:1)
  4 kobolds (D:1)
  3 rats (D:1)
34 creatures vanquished.

Notes
Turn   | Place    | Note
-------+----------+-------------------------------------------
     0 | D:1      | AdnanSaban the Gargoyle Fighter began the quest for the
                  | Orb.
     0 | D:1      | Reached XP level 1. HP: 14/14 MP: 1/1
    76 | D:1      | Reached XP level 2. HP: 15/19 MP: 2/2
   427 | D:1      | Reached XP level 3. HP: 22/23 MP: 3/3
  1070 | D:1      | Frozen to death by an endoplasm

Illustrated notes

Levels and vault maps discovered:
D:1:      lightli_arrival_lavapool, layout_basic, roderic_lattice_a,
          fountainhead
D:2:      layout_loops_cross, shapermc_ecumenical_altar_pompeii

Action                     || total
---------------------------++-------
  Melee: Flail             ||   130
 Armour: Scale mail        ||   106
  Dodge: Dodged            ||   109
  Block: Buckler           ||    41

Table legend: (Time is in decaauts)
 A = Elapsed time spent in this place.
 B = Non-inter-level travel time spent in this place.
 C = Inter-level travel time spent in this place.
 D = Time resting spent in this place.
 E = Time spent auto-exploring this place.
 F = Levels seen in this place.
 G = Mean time per level.
                   A        B        C        D        E       F      G
               +--------+--------+--------+--------+--------+-----+--------+
         Total |   1111 |   1067 |     44 |      0 |    803 |   2 |  555.5 |
       Dungeon |   1111 |   1067 |     44 |      0 |    803 |   2 |  555.5 |
               +--------+--------+--------+--------+--------+-----+--------+

Top non-repeatable levels by time:
     D:1: 1099 daAuts
     D:2: 11 daAuts
